 Dungeon Crawl Stone Soup version 0.30-a0-166-g5d06c95188 (webtiles) character file.

Game seed: 11406532095580444704

1081 qw the Cleaver (level 8, -11/44 HPs)
             Began as a Gargoyle Fighter on Sept 28, 2022.
             Mangled by a boulder beetle (38 damage)
             ... on level 6 of the Dungeon.
             The game lasted 00:02:05 (4956 turns).

qw the Cleaver (Gargoyle Fighter)                   Turns: 4956, Time: 00:02:06

Health: -11/44     AC: 16    Str: 23 (24) XL:     8   Next: 29%
Magic:  8/8        EV:  8    Int:  6 (9)  God:
Gold:   1104       SH:  4    Dex: 11 (13) Spells: 7/7 levels left

rFire   . . .      SeeInvis .    Y - +0 war axe
rCold   + . .      Faith    .    c - +0 buckler
rNeg    + . .      Spirit   .    f - +0 chain mail
rPois   inf        Reflect  .    (no helmet)
rElec   +          Harm     .    (no cloak)
rCorr   .          Rampage  .    (no gloves)
Will    .....                    a - +1 pair of boots of Resonance {Str+2 Dex+4}
Stlth   ..........               (no amulet)
HPRegen 0.14/turn                o - ring of protection from cold
MPRegen 0.11/turn                (no ring)

@: unable to drink
A: sickness immunity, AC +5, negative energy resistance 1, electricity
resistance, torment resistance 1, petrification resistance, talons 1, frail 1,
inability to drink after injury 1
a: no special abilities


You were on level 6 of the Dungeon.
You visited 1 branch of the dungeon, and saw 6 of its levels.

You collected 1104 gold pieces.


Innate Abilities, Weirdness & Mutations

You are immune to sickness and miasma.
Your stone body is resilient. (AC +5)
You are immune to poison.
You resist negative energy. (rN+)
You are resistant to electric shocks. (rElec)
You are resistant to unholy torment.
You are immune to petrification.
You have sharp toenails.
You are frail. (-10% HP)
You occasionally lose the ability to drink potions when taking damage.


   Skills:
 - Level 5.3 Fighting
 - Level 8.0 Axes
 + Level 0.0 Throwing
 - Level 3.2 Armour
 - Level 1.1 Dodging
 - Level 3.2 Shields


You had 7 spell levels left.
You didn't know any spells.
Your spell library was empty.

Inventory:

Hand Weapons
 i - a +1 flail of holy wrath
 Y - a +0 war axe (weapon)
Missiles
 j - 3 boomerangs (quivered)
Armour
 a - the +1 pair of boots of Resonance (worn) {Str+2 Dex+4}
   (You acquired it on level 1 of the Dungeon)

   Str:       It affects your strength (+2).
   Dex:       It affects your dexterity (+4).
 c - a +0 buckler (worn)
 f - a +0 chain mail (worn)
 h - a +0 scale mail of fire resistance
Jewellery
 o - a ring of protection from cold (left hand)
Scrolls
 g - a scroll of identify
Potions
 b - a potion of attraction
 d - 2 potions of might
 e - 2 potions of heal wounds
 k - 5 potions of curing
 m - a potion of resistance {unknown}
 n - a potion of magic {unknown}
 q - a potion of flight {unknown}

Dungeon Overview and Level Annotations

Branches:
Dungeon (6/15)
 Temple: D:4-7

Altars:
Wu Jian
Zin


Message History

The boulder beetle is lightly wounded.
The boulder beetle bites you.
You slash the boulder beetle!
The boulder beetle is moderately wounded.
The boulder beetle barely misses you.
You hit the boulder beetle.
The boulder beetle is moderately wounded.
You block the boulder beetle's attack.
You hit the boulder beetle but do no damage.
The boulder beetle is moderately wounded.
The boulder beetle bites you!
You hit the boulder beetle.
The boulder beetle is heavily wounded.
The boulder beetle bites you!
You slash the boulder beetle!
The boulder beetle is heavily wounded.
The boulder beetle bites you but does no damage.
The boulder beetle leaps!
Throw: 3 boomerangs
Press: ? - help, Q - select action Shift-Dir - straight line, f - boulder beetle You throw a boomerang.
The boomerang hits the boulder beetle but does no damage.
The boulder beetle is heavily wounded.
A shadow comes into view.
You hit the boulder beetle but do no damage.
The boulder beetle is heavily wounded.
The boulder beetle leaps!
The shadow slips into darkness.
The shadow flickers and vanishes!
Deactivating autopickup; reactivate with Ctrl-A.
Found a scale mail.
The boulder beetle waves its antennae.
The boulder beetle curls into a ball and begins rolling!
You barely miss something.
The shadow strikes at you from the darkness!
Reactivating autopickup.
The boulder beetle hits you!!!
You feel threatened and lose the ability to drink potions!
Ouch! That really hurt!
You die...

#### ##0. #BW#
##@# ## ####.####
#. ..###.#.## #.
#.##.#.#.## #.
#.#######.#
#.###.##.#.#.##..#
#...............#
#..##..##########
#..##...#.#


You could see a boulder beetle (rolling) and a shadow.

Vanquished Creatures
  A water moccasin (D:6)
  2 black bears
  A phantom (D:5)
  Blork the orc (D:4)
  2 necrophages (D:5)
  A scorpion (D:6)
  2 hounds
  An orc priest (D:5)
  Terence (D:1)
  2 iguanas
  Ijyb (D:3)
  2 orc wizards (D:5)
  5 gnolls
  5 adders
  A white imp (D:6)
  3 worms
  7 dart slugs
  12 orcs
  8 endoplasms
  2 giant cockroaches
  8 goblins
  7 hobgoblins
  4 jackals
  8 kobolds
  5 quokkas
  4 ball pythons
  7 bats
  7 frilled lizards
  5 rats
115 creatures vanquished.

Notes
Turn   | Place    | Note
-------+----------+-------------------------------------------
     0 | D:1      | qw the Gargoyle Fighter began the quest for the Orb.
     0 | D:1      | Reached XP level 1. HP: 14/14 MP: 1/1
     0 | D:1      | 0 ||| qw: Version: 0.2-a-12-gaebbb33
     0 | D:1      | 0 ||| qw: Game counter: 998
     0 | D:1      | 0 ||| qw: Always use a shield: true
     0 | D:1      | 0 ||| qw: God list: Okawaru
     0 | D:1      | 0 ||| qw: Allow faded altars: false
     0 | D:1      | 0 ||| qw: Do Orc after D:15 true
     0 | D:1      | 0 ||| qw: Do second Lair branch before Depths: true
     0 | D:1      | 0 ||| qw: Lair rune preference: random
     0 | D:1      | 0 ||| qw: Plans: Normal, Zot:1-4, God:TSO, Crypt, Tomb,
                  | Pan, Slime:5, Hells, Abyss, Orb
     0 | D:1      | 0 ||| PLANNING D:1-11
    15 | D:1      | 15 ||| Stepping ~*~*~tactically~*~*~ (stealth).
    32 | D:1      | 32 ||| Stepping ~*~*~tactically~*~*~ (stealth).
    37 | D:1      | Reached skill level 2 in Axes
    49 | D:1      | 49 ||| Stepping ~*~*~tactically~*~*~ (stealth).
    77 | D:1      | Reached XP level 2. HP: 19/19 MP: 2/2
   134 | D:1      | 134 ||| Stepping ~*~*~tactically~*~*~ (stealth).
   394 | D:1      | 394 ||| DROPPING +0 club.
   502 | D:1      | Reached skill level 3 in Axes
   544 | D:1      | 544 ||| Stepping ~*~*~tactically~*~*~ (stealth).
   548 | D:1      | Reached XP level 3. HP: 23/23 MP: 3/3
   995 | D:1      | 995 ||| READING scroll labelled WULAPP BAUR.
   996 | D:1      | 996 ||| READING 2 scrolls labelled DEUJ JOL XOR.
   997 | D:1      | 997 ||| READING 2 scrolls labelled WIATTUPPUTT.
   997 | D:1      | Identified 2 scrolls of acquirement
   997 | D:1      | 997 ||| ACQUIRING +1 pair of boots of Resonance {Str+2
                  | Dex+4}
   997 | D:1      | Acquired the +1 pair of boots of Resonance {Str+2 Dex+4}
   999 | D:1      | 999 ||| UPGRADING to +1 pair of boots of Resonance {Str+2
                  | Dex+4}.
  1004 | D:1      | 1004 ||| READING scroll of acquirement.
  1004 | D:1      | 1004 ||| ACQUIRING 737 gold pieces
  1004 | D:1      | Acquired 737 gold pieces
  1006 | D:1      | 1006 ||| READING 2 scrolls labelled GAHOEG HUHEOK.
  1007 | D:1      | 1007 ||| DROPPING scroll of poison.
  1026 | D:2      | Noticed Terence
  1028 | D:2      | 1028 ||| STAIRDANCE
  1035 | D:2      | 1035 ||| STAIRDANCE
  1040 | D:1      | Reached skill level 4 in Axes
  1040 | D:1      | Reached XP level 4. HP: 22/28 MP: 4/4
  1043 | D:1      | Killed Terence
  1044 | D:1      | Reached skill level 1 in Dodging
  1097 | D:1      | 1097 ||| DROPPING +0 whip.
  1100 | D:1      | 1100 ||| DROPPING +0 flail.
  1101 | D:1      | 1101 ||| UPGRADING to +0 scale mail of fire resistance.
  1111 | D:1      | 1111 ||| DROPPING +0 scale mail.
  1190 | D:2      | 1190 ||| Stepping ~*~*~tactically~*~*~ (hiding).
  1191 | D:2      | 1191 ||| Stepping ~*~*~tactically~*~*~ (hiding).
  1271 | D:2      | 1271 ||| FLEEEEING.
  1272 | D:2      | 1272 ||| FLEEEEING.
  1273 | D:2      | 1273 ||| FLEEEEING.
  1274 | D:2      | 1274 ||| FLEEEEING.
  1275 | D:2      | 1275 ||| FLEEEEING.
  1276 | D:2      | 1276 ||| FLEEEEING.
  1277 | D:2      | 1277 ||| FLEEEEING.
  1278 | D:2      | 1278 ||| FLEEEEING.
  1279 | D:2      | 1279 ||| FLEEEEING.
  1280 | D:2      | 1280 ||| FLEEEEING.
  1281 | D:2      | 1281 ||| FLEEEEING.
  1282 | D:2      | 1282 ||| FLEEEEING.
  1283 | D:2      | 1283 ||| FLEEEEING.
  1284 | D:2      | 1284 ||| FLEEEEING.
  1285 | D:2      | 1285 ||| FLEEEEING.
  1286 | D:2      | 1286 ||| FLEEEEING.
  1287 | D:2      | 1287 ||| FLEEEEING.
  1288 | D:2      | 1288 ||| FLEEEEING.
  1298 | D:2      | Reached XP level 5. HP: 26/32 MP: 5/5
  1409 | D:2      | 1409 ||| Stepping ~*~*~tactically~*~*~ (stealth).
  1618 | D:2      | 1618 ||| DRINKING 2 grey potions.
  1619 | D:2      | 1619 ||| DRINKING 2 yellow potions.
  1620 | D:2      | 1620 ||| READING 2 scrolls of identify.
  1620 | D:2      | 1620 ||| IDENTIFYING lumpy emerald potion
  1786 | D:3      | 1786 ||| Stepping ~*~*~tactically~*~*~ (stealth).
  1789 | D:3      | 1789 ||| Stepping ~*~*~tactically~*~*~ (stealth).
  2080 | D:3      | Found an ornate altar of the Wu Jian Council.
  2228 | D:3      | 2228 ||| Stepping ~*~*~tactically~*~*~ (stealth).
  2335 | D:3      | Noticed Ijyb
  2343 | D:3      | Killed Ijyb
  2417 | D:3      | 2417 ||| UPGRADING to +0 chain mail.
  2427 | D:3      | 2427 ||| READING 2 scrolls labelled YJU KALOXZOCO.
  2428 | D:3      | 2428 ||| READING scroll labelled SECOD LISCH.
  2429 | D:3      | 2429 ||| READING scroll labelled OSIJITTER.
  2430 | D:3      | 2430 ||| DRINKING 2 ruby potions.
  2430 | D:3      | Gained mutation: You occasionally lose the ability to drink
                  | potions when taking damage. [potion of mutation]
  2430 | D:3      | Gained mutation: You are agile. (Dex +4, Str/Int -1)
                  | [potion of mutation]
  2430 | D:3      | Gained mutation: You are very agile. (Dex +8, Str/Int -2)
                  | [potion of mutation]
  2430 | D:3      | Gained mutation: You have supernaturally acute eyesight.
                  | (SInv) [potion of mutation]
  2431 | D:3      | 2431 ||| DRINKING potion of mutation.
  2431 | D:3      | Lost mutation: You are very agile. (Dex +8, Str/Int -2)
                  | [potion of mutation]
  2431 | D:3      | Lost mutation: You have supernaturally acute eyesight.
                  | (SInv) [potion of mutation]
  2431 | D:3      | Lost mutation: You are agile. (Dex +4, Str/Int -1) [potion
                  | of mutation]
  2431 | D:3      | Gained mutation: You are agile. (Dex +4, Str/Int -1)
                  | [potion of mutation]
  2431 | D:3      | Gained mutation: You are partially covered in iridescent
                  | scales. (AC +2) [potion of mutation]
  2432 | D:3      | 2432 ||| DROPPING scroll of noise.
  2448 | D:3      | 2448 ||| STAIRDANCE
  2531 | D:2      | 2531 ||| Stepping ~*~*~tactically~*~*~ (stealth).
  2540 | D:2      | Reached skill level 5 in Axes
  2790 | D:4      | Reached XP level 6. HP: 37/38 MP: 6/6
  2808 | D:4      | 2808 ||| Stepping ~*~*~tactically~*~*~ (hiding).
  2927 | D:4      | 2927 ||| Stepping ~*~*~tactically~*~*~ (stealth).
  2928 | D:4      | 2928 ||| Stepping ~*~*~tactically~*~*~ (stealth).
  3067 | D:4      | 3067 ||| Stepping ~*~*~tactically~*~*~ (hiding).
  3071 | D:4      | 3071 ||| Stepping ~*~*~tactically~*~*~ (hiding).
  3225 | D:4      | Noticed Blork the orc
  3237 | D:4      | Killed Blork the orc
  3294 | D:4      | Noticed a black bear
  3303 | D:4      | Killed a black bear
  3304 | D:4      | Reached skill level 6 in Axes
  3304 | D:4      | Reached XP level 7. HP: 43/43 MP: 7/7
  3371 | D:4      | Found a glowing silver altar of Zin.
  3371 | D:4      | Noticed an angel
  3412 | D:4      | 3412 ||| DROPPING ring of magical power.
  3413 | D:4      | 3413 ||| READING scroll labelled SOUCIN VISYO.
  3414 | D:4      | 3414 ||| READING scroll labelled HUYLESH JEASTA.
  3437 | D:5      | Entered Level 5 of the Dungeon
  3466 | D:5      | 3466 ||| DRINKING potion of mutation.
  3466 | D:5      | Lost mutation: You are agile. (Dex +4, Str/Int -1) [potion
                  | of mutation]
  3466 | D:5      | Lost mutation: You are partially covered in iridescent
                  | scales. (AC +2) [potion of mutation]
  3466 | D:5      | Gained mutation: You are frail. (-10% HP) [potion of
                  | mutation]
  3466 | D:5      | Gained mutation: You have sharp toenails. [potion of
                  | mutation]
  3685 | D:5      | 3685 ||| Stepping ~*~*~tactically~*~*~ (stealth).
  3688 | D:5      | 3688 ||| Stepping ~*~*~tactically~*~*~ (stealth).
  3718 | D:5      | 3718 ||| Stepping ~*~*~tactically~*~*~ (hiding).
  3732 | D:5      | 3732 ||| FLEEEEING.
  3733 | D:5      | 3733 ||| FLEEEEING.
  3734 | D:5      | 3734 ||| FLEEEEING.
  3735 | D:5      | 3735 ||| FLEEEEING.
  3736 | D:5      | 3736 ||| FLEEEEING.
  3737 | D:5      | 3737 ||| FLEEEEING.
  3738 | D:5      | 3738 ||| FLEEEEING.
  3739 | D:5      | 3739 ||| FLEEEEING.
  3740 | D:5      | 3740 ||| FLEEEEING.
  3741 | D:5      | 3741 ||| FLEEEEING.
  3742 | D:5      | 3742 ||| FLEEEEING.
  3744 | D:5      | 3744 ||| FLEEEEING.
  3745 | D:5      | 3745 ||| FLEEEEING.
  3746 | D:5      | 3746 ||| FLEEEEING.
  3748 | D:5      | 3748 ||| FLEEEEING.
  3749 | D:5      | 3749 ||| FLEEEEING.
  3750 | D:5      | 3750 ||| FLEEEEING.
  3751 | D:5      | 3751 ||| FLEEEEING.
  3753 | D:5      | 3753 ||| FLEEEEING.
  3754 | D:5      | 3754 ||| FLEEEEING.
  3756 | D:5      | 3756 ||| FLEEEEING.
  3757 | D:5      | 3757 ||| FLEEEEING.
  3758 | D:5      | 3758 ||| FLEEEEING.
  3759 | D:5      | 3759 ||| FLEEEEING.
  3760 | D:5      | 3760 ||| FLEEEEING.
  3761 | D:5      | 3761 ||| FLEEEEING.
  3763 | D:5      | 3763 ||| STAIRDANCE
  3943 | D:5      | 3943 ||| Stepping ~*~*~tactically~*~*~ (hiding).
  3959 | D:5      | Reached skill level 7 in Axes
  4069 | D:5      | 4069 ||| READING scroll of acquirement.
  4069 | D:5      | 4069 ||| ACQUIRING ring of protection from cold
  4069 | D:5      | Acquired a ring of protection from cold
  4071 | D:5      | 4071 ||| UPGRADING to ring of protection from cold.
  4222 | D:5      | HP: 9/39 [phantom (5)]
  4223 | D:5      | 4223 ||| DRINKING 2 potions of heal wounds.
  4232 | D:5      | Reached XP level 8. HP: 36/44 MP: 8/8
  4468 | D:5      | 4468 ||| DRINKING 2 fuming coppery potions.
  4469 | D:5      | 4469 ||| DRINKING 3 cyan potions.
  4470 | D:5      | 4470 ||| READING 2 scrolls of identify.
  4470 | D:5      | 4470 ||| IDENTIFYING silvery potion
  4471 | D:5      | 4471 ||| DROPPING potion of degeneration.
  4472 | D:5      | 4472 ||| DROPPING potion of berserk rage.
  4473 | D:5      | 4473 ||| DROPPING 2 potions of brilliance.
  4593 | D:6      | Reached skill level 8 in Axes
  4667 | D:6      | 4667 ||| Stepping ~*~*~tactically~*~*~ (stealth).
  4670 | D:6      | 4670 ||| Stepping ~*~*~tactically~*~*~ (hiding).
  4672 | D:6      | 4672 ||| Stepping ~*~*~tactically~*~*~ (hiding).
  4726 | D:6      | 4726 ||| Stepping ~*~*~tactically~*~*~ (stealth).
  4733 | D:6      | 4733 ||| Stepping ~*~*~tactically~*~*~ (stealth).
  4858 | D:6      | 4858 ||| Stepping ~*~*~tactically~*~*~ (stealth).
  4859 | D:6      | 4859 ||| Stepping ~*~*~tactically~*~*~ (stealth).
  4868 | D:6      | 4868 ||| Stepping ~*~*~tactically~*~*~ (stealth).
  4942 | D:6      | Noticed a boulder beetle
  4953 | D:6      | Noticed a shadow
  4956 | D:6      | Mangled by a boulder beetle

Levels and vault maps discovered:
D:1:      roderic_chinese_lattice_arrival, layout_basic
D:2:      minmay_chambers_of_twos, layout_rooms, st_stairs_14, uniq_terence
D:3:      layout_loops_ring, pdpol_wu_jian_five_deadly_venoms,
          corexii_item_surrounded_by_moat, minmay_box_of_dots, uniq_ijyb
D:4:      layout_cave_pools, zin_angel, uniq_blork_the_orc
D:5:      layout_loops_ring, nicolae_elevator_lobby_asterisk
D:6:      layout_basic, minmay_small_thing

Skill      XL: |  1  2  3  4  5  6  7  8 |
---------------+-------------------------+-----
Axes           | 2 3 4 5 6 7 8 |  8.0
Dodging        | 1 |  1.1
Fighting       | 4 5 |  5.3
Armour         | |  3.2
Shields        | |  3.2

Action                   |  1- 3 |  4- 6 |  7- 9 || total
-------------------------+-------+-------+-------++-------
Melee: War axe           |   111 |   154 |   155 ||   420
Throw: Boomerang         |       |       |     1 ||     1
  Use: Scroll            |     5 |     4 |     4 ||    13
       Potion            |       |     4 |     4 ||     8
Armor: Scale mail        |    77 |    24 |       ||   101
       Chain mail        |       |    28 |    88 ||   116
Dodge: Dodged            |    60 |    49 |    43 ||   152
Block: Buckler           |    31 |    41 |    25 ||    97

Table legend:
 A = Non-vault XP
 B = Vault XP
 C = Vault XP percentage of total XP
 D = Non-vault monster count
 E = Vault monster count
 F = Vault count percentage of total count
                 A         B        C        D         E       F
            +---------+---------+-------+---------+---------+-------
      Total |    1328 |     217 |  14.0 |      98 |      17 |  14.8
            +---------+---------+-------+---------+---------+-------
        D:1 |      98 |      40 |  29.0 |      34 |       2 |   5.6
        D:2 |      49 |      35 |  41.7 |      12 |       8 |  40.0
        D:3 |      39 |      43 |  52.4 |      11 |       6 |  35.3
        D:4 |     250 |      99 |  28.4 |      16 |       1 |   5.9
        D:5 |     628 |       0 |   0.0 |      17 |       0 |   0.0
        D:6 |     264 |       0 |   0.0 |       8 |       0 |   0.0
            +---------+---------+-------+---------+---------+-------
